 Dungeon Crawl Stone Soup version 0.18-a0-329-g5b4d444 (webtiles) character file.

290 Avanven the Ruffian (level 6, 0/47 HPs)
             Began as a Human Berserker on Nov 28, 2015.
             Was a Priest of Trog.
             Slain by an adder (1 damage)
             ... on level 3 of the Dungeon.
             The game lasted 00:06:08 (2913 turns).

Avanven the Ruffian (Human Berserker)               Turns: 2913, Time: 00:06:08

Health: 0/47       AC:  3    Str: 19    XL:     6   Next: 58%
Magic:  6/6        EV: 12    Int:  7    God:    Trog [***...]
Gold:   146        SH:  0    Dex: 13    Spells: 0 memorised, 5 levels left

rFire  . . .     SeeInvis .       - Unarmed
rCold  . . .     Clarity  .     d - +0 leather armour
rNeg   . . .     SustAt   .     (no shield)
rPois  .         Gourm    .     (no helmet)
rElec  .         Spirit   .     (no cloak)
rCorr  .         Warding  .     (no gloves)
rMut   .         Stasis   .     (no boots)
MR     .....                    (no amulet)
Stlth  +.........               (no ring)
                                (no ring)

@: exhausted, slowed, very slow, not resistant to hostile enchantments, very
unstealthy
A: no striking features
a: Berserk, Trog's Hand, Burn Spellbooks, Renounce Religion


You were on level 3 of the Dungeon.
You worshipped Trog.
Trog was most pleased with you.
You were not hungry.

You visited 1 branch of the dungeon, and saw 3 of its levels.

You collected 146 gold pieces.

Inventory:

Armour
 a - a +0 animal skin
 d - a +0 leather armour (worn)
 g - a +0 buckler
Wands
 l - a wand of random effects (15)
Scrolls
 e - a scroll of identify {unknown}
 f - a scroll of remove curse {unknown}
 h - 3 scrolls of fear {unknown}
 j - a scroll of enchant weapon {unknown}
 k - a scroll of enchant armour {unknown}
Potions
 c - 3 potions of curing {unknown}
 i - a potion of poison {unknown}
 m - a potion of mutation {unknown}
 p - a potion of brilliance {unknown}
 q - a potion of magic {unknown}
Comestibles
 b - 3 bread rations
 n - a meat ration
 o - 7 chunks of flesh


   Skills:
 - Level 3.6 Fighting
 - Level 2.0 Armour
 - Level 2.0 Dodging
 + Level 2.4 Shields
 * Level 5.9 Unarmed Combat


You had 5 spell levels left.
You didn't know any spells.

Dungeon Overview and Level Annotations

Branches:
Dungeon (3/15)

Altars:
Ashenzari


Message History

You punch the adder!
The adder is heavily wounded.
The adder bites you but does no damage. The adder bites you.
* * * LOW HITPOINT WARNING * * *
You hit the adder.
The adder is severely wounded.
The adder barely misses you. The adder closely misses you.
You barely miss the adder.
The adder is severely wounded.
The adder bites you.
* * * LOW HITPOINT WARNING * * *
You closely miss the adder.
The adder is severely wounded.
You hear the quick rusting of a very distant drain.
The adder misses you. The adder bites you.
* * * LOW HITPOINT WARNING * * *
You closely miss the adder.
The adder is severely wounded.
The adder bites you.
You die...

##.÷.# #....#...#.## ####.#
#..#..(#....####
####)#####..#.#...#......
#.[.))..........#....## # ...
#...##..####...#..)..# .##...
###.##..###...).##...# ##....# #
#....)...>....##...###.....# #
#.#..#.......S.......#.##.##
###.#....##.#.##@##..........##
.).....#.##.#.....))....#.....#.
.##.####... #....##.###.).......
......# #####.....#.# #.#.##....
....#.# #...#.#)# ###.# .⌠.
......# #... .... .. . ....###
#... ...## .#. ....# #...#....
..$# ....# ### ###># .# .


You could see an adder.

Vanquished Creatures
  2 orc priests (D:3)
  An orc wizard (D:3)
  Jessica (D:2)
  A worker ant (D:3)
  Natasha (thrice) (D:2)
  2 adders (D:2)
  An ooze (D:2)
  2 worms (D:2)
  2 giant geckos
  8 orcs (D:3)
  9 goblins
  9 hobgoblins
  2 jackals (D:2)
  3 quokkas
  8 bats
  2 giant cockroaches (D:2)
  8 giant newts
  10 kobolds
  6 rats
80 creatures vanquished.

Notes
Turn   | Place    | Note
--------------------------------------------------------------
     0 | D:1      | Avanven the Human Berserker began the quest for the Orb.
     0 | D:1      | Reached XP level 1. HP: 18/18 MP: 1/1
   305 | D:1      | Found a shattered altar of Ashenzari.
   335 | D:1      | Reached XP level 2. HP: 10/24 MP: 2/2
  1040 | D:1      | Reached XP level 3. HP: 27/29 MP: 3/3
  1296 | D:2      | Reached ** piety under Trog
  1391 | D:2      | Reached skill level 4 in Unarmed Combat
  1465 | D:2      | Noticed Natasha
  1476 | D:2      | Killed Natasha
  1476 | D:2      | Reached XP level 4. HP: 8/36 MP: 4/4
  1824 | D:2      | Noticed Natasha
  1832 | D:2      | Killed Natasha
  2011 | D:2      | Noticed Natasha
  2016 | D:2      | Killed Natasha
  2081 | D:2      | Noticed Jessica
  2085 | D:2      | Killed Jessica
  2085 | D:2      | Reached skill level 1 in Shields
  2085 | D:2      | Reached XP level 5. HP: 41/41 MP: 5/5
  2238 | D:2      | Reached skill level 5 in Unarmed Combat
  2262 | D:2      | Reached *** piety under Trog
  2550 | D:3      | Reached XP level 6. HP: 34/47 MP: 6/6
  2880 | D:3      | HP: 2/70 [orc priest/club (8)]
  2911 | D:3      | HP: 1/47 [adder (2)]
  2913 | D:3      | Slain by an adder

Vault maps used:
D:1:      wheals_arrival_linesprint, ashenzari_altar_1
D:2:      st_stairs_14, uniq_jessica, uniq_natasha
D:3:      tso_oasis_becter, portal_sewer_entry_e, first_bread, hex_tiny,
          grunt_ministairs_11, uniq_iyjb, uniq_terence

Action                   |  1- 3 |  4- 6 || total
-------------------------+-------+-------++-------
Melee: Unarmed           |   124 |   178 ||   302
Invok: Berserk           |     2 |     7 ||     9
       Trog's Hand       |       |     1 ||     1
 Stab: Sleeping          |       |     1 ||     1
  Eat: Chunk             |     3 |    13 ||    16
